 Dungeon Crawl Stone Soup version 0.30-a0-586-g23e55c9e0a (webtiles) character file.

Game seed: 12026542563909164557

890 cforsyth the Trooper (level 8, -9/73 HPs)
             Began as a Ghoul Monk on Jan 3, 2023.
             Killed from afar by a steam dragon (17 damage)
             ... with a ball of steam
             ... on level 4 of the Dungeon.
             The game lasted 00:07:34 (5018 turns).

cforsyth the Trooper (Ghoul Monk)                   Turns: 5018, Time: 00:07:34

Health: -9/73      AC: 11    Str: 16 (17) XL:     8   Next: 6%
Magic:  7/7        EV:  7    Int:  3 (5)  God:
Gold:   254        SH:  0    Dex: 11      Spells: 7/7 levels left

rFire   . . .      SeeInvis .      - Unarmed
rCold   + . .      Faith    .    (no shield)
rNeg    + + +      Spirit   .    p - +0 chain mail
rPois   ∞          Reflect  .    o - +0 helmet
rElec   .          Harm     .    (no cloak)
rCorr   .          Rampage  .    (no gloves)
Will    .....                    c - +0 pair of boots Stlth
                                 (no amulet)
HPRegen 0.00/turn                (no ring)
MPRegen 0.10/turn                (no ring)

@: mighty, inhibited regen, studying Fighting
A: claws 1, cold resistance 1, negative energy resistance 3, inhibited
regeneration, torment resistance 2, devour on kill
a: no special abilities


You were on level 4 of the Dungeon.
You visited 1 branch of the dungeon, and saw 5 of its levels.

You collected 254 gold pieces.

Inventory:

Armour
 a - a +0 robe
 c - a +0 pair of boots (worn)
 o - a +0 helmet (worn)
 p - a +0 chain mail (worn)
Jewellery
 k - an amulet of regeneration
 s - an amulet of faith
Wands
 e - a wand of mindburst (12)
Scrolls
 f - a scroll of fear
 g - a scroll of vulnerability {unknown}
 i - a scroll of butterflies {unknown}
 l - a scroll of teleportation {unknown}
 q - a scroll of amnesia {unknown}
 r - a scroll of acquirement {unknown}
 t - a scroll of enchant armour {unknown}
Potions
 b - a potion of curing {unknown}
 d - a potion of attraction {unknown}
 h - 2 potions of resistance
 j - 2 potions of flight {unknown}
 m - a potion of mutation
 n - a potion of might


   Skills:
 + Level 7.5 Fighting
 + Level 3.2 Armour
 - Level 3.0 Dodging
 - Level 2.9 Stealth
 * Level 7.5 Unarmed Combat


You had 7 spell levels left.
You didn't know any spells.
Your spell library contained the following spells:

 Spells                   Type           Power      Damage    Failure   Level
 Magic Dart               Conj           0%         1d3       100%        1
 Call Imp                 Summ           0%         N/A       100%        2
 Mephitic Cloud           Conj/Pois/Air  0%         N/A       100%        3
 Olgreb's Toxic Radiance  Pois           0%         N/A       100%        4
 Ozocubu's Refrigeration  Ice            0%         4d7       100%        7
 Ignition                 Fire           0%         3d3       100%        8


Dungeon Overview and Level Annotations

Branches:
Dungeon (5/15)
 Temple: D:4-7

Altars:
Cheibriados
Fedhas

Annotations:
D:4 Natasha; Pikel
D:5 1 transporter, ryw's ghost, novice HONe


Innate Abilities, Weirdness & Mutations

You are immune to poison.
You have sharp fingernails.
Your flesh is cold resistant. (rC+)
You are immune to negative energy. (rN+++)
You do not regenerate when monsters are visible.
You are immune to unholy pain and torment.
You thrive by killing the living.


Message History

You scratch the steam dragon but do no damage.
The steam dragon is lightly wounded.
You are engulfed in a cloud of scalding steam.
* * * LOW HITPOINT WARNING * * *
Natasha claws you.
* * * LOW HITPOINT WARNING * * *
You scratch the steam dragon. You claw the steam dragon.
The steam dragon is moderately wounded.
You are engulfed in a cloud of scalding steam.
The steam dragon bites you but does no damage.
The steam dragon claws you but does no damage.
Natasha mumbles some strange words.
Natasha glows brightly for a moment.
Natasha stares at you and mumbles some strange words.
The magic dart hits you but does no damage.
Unknown command.
It was a potion of mutation.
You feel extremely strange.
Your body decomposes!
You feel weakened.
Your body decomposes!
You feel dopey.
Your body decomposes!
You feel dopey. The steam dragon bites you.
* * * LOW HITPOINT WARNING * * *
The steam dragon claws you but does no damage.
Natasha is engulfed in a cloud of scalding steam.
Natasha barely misses you.
Unknown command.
It was a potion of might.
You feel very mighty all of a sudden.
The steam dragon bites you but does no damage.
The steam dragon barely misses you. Natasha claws you.
* * * LOW HITPOINT WARNING * * *
Unknown command.
You mangle the steam dragon!!
The steam dragon is almost dead.
The steam dragon breathes steam at you. The ball of steam hits you!
You die...

...#####.########....#
.#.....#.#.....n...#.#
...###.#.#.#########....
...###'#.#..<# ........##.
#........###.# ####.........##+
#####....#...# ..............#.
..# #....#.#.# ................
#.######.#...####h...........#..≈
.....[.).....§..@D.....5........≈
.......#.#....###............#..≈
..####.#.#[##.# ##..........#...
..###....#..#.# .............
.........'..#.# ............
.###.....####.# .##..5..... .#
#......>.#.## ##........ ##
######...#..# ##......###
###.##'##### ##.......#


You could see a steam dragon (catching breath), a lemure and Natasha.

Vanquished Creatures
  Edmund (D:4)
  A kobold brigand (D:4)
  2 necrophages
  2 scorpions (D:5)
  2 orc priests (D:5)
  2 jellies (D:5)
  A gnoll bouda (D:5)
  A hound (D:5)
  2 orc wizards (D:5)
  9 gnolls (D:5)
  5 adders
  An ufetubus (D:4)
  3 worms
  A dart slug (D:1)
  6 orcs
  4 bats
  9 endoplasms
  2 giant cockroaches
  6 goblins
  5 hobgoblins
  3 jackals (D:1)
  2 quokkas (D:2)
  6 ball pythons
  4 frilled lizards
  7 kobolds
  2 rats
89 creatures vanquished.

Notes
Turn   | Place    | Note
-------+----------+-------------------------------------------
     0 | D:1      | cforsyth the Ghoul Monk began the quest for the Orb.
     0 | D:1      | Reached XP level 1. HP: 19/19 MP: 0/0
    19 | D:1      | You fall into a shaft and drop 1 floor!
   157 | D:1      | Reached XP level 2. HP: 26/26 MP: 1/1
   629 | D:1      | Reached XP level 3. HP: 30/31 MP: 2/2
  1895 | D:3      | Found a faded altar of an unknown god.
  1921 | D:3      | Reached XP level 4. HP: 32/40 MP: 3/3
  2200 | D:3      | Found a snail-covered altar of Cheibriados.
  2698 | D:4      | Noticed a kobold brigand
  2699 | D:4      | Noticed Edmund
  2806 | D:4      | Noticed a steam dragon
  3117 | D:4      | Noticed a lemure
  3118 | D:4      | Noticed Pikel
  3118 | D:4      | Noticed a lemure
  3119 | D:4      | Noticed a lemure
  3119 | D:4      | Noticed a lemure
  3312 | D:4      | Identified the +7 whip of Xoigiobe {flame, Str+5 Dex-2}
  3316 | D:4      | Noticed a necrophage
  3383 | D:5      | Entered Level 5 of the Dungeon
  3409 | D:5      | Reached XP level 5. HP: 13/47 MP: 4/4
  3430 | D:5      | Reached skill level 5 in Fighting
  3435 | D:5      | Reached skill level 1 in Armour
  3435 | D:5      | Reached skill level 5 in Unarmed Combat
  3631 | D:5      | Reached XP level 6. HP: 45/56 MP: 5/5
  3655 | D:5      | Found a blossoming altar of Fedhas.
  3700 | D:5      | Reached XP level 7. HP: 29/63 MP: 6/6
  3995 | D:5      | Found a transporter.
  3995 | D:5      | Noticed ryw's ghost (novice HONe)
  4713 | D:4      | Killed Edmund
  4958 | D:4      | Reached XP level 8. HP: 71/73 MP: 7/7
  5009 | D:4      | Noticed Natasha
  5018 | D:4      | Killed from afar by a steam dragon

Illustrated notes

Levels and vault maps discovered:
D:1:      onia_arrival_mini_maze_b, layout_basic, minmay_heptomino_o4
D:2:      layout_basic, grunt_decor_fettered, item_on_display_a
D:3:      layout_basic, mainiacjoe_overflow_big_doors, serial_glass,
          glass_columns_a, glass_columns_b, ebering_ecumenical_altar_rust
D:4:      layout_basic, corexii_item_surrounded_by_moat, uniq_edmund,
          uniq_natasha, uniq_pikel
D:5:      layout_loops_ring, grunt_temple_overflow_open, gammafunk_ghost_smash,
          lightli_ossuary_entry_decrepit_ruins

Skill      XL: |  1  2  3  4  5  6  7 |
---------------+----------------------+-----
Dodging        | 3 |  3.0
Fighting       | 4 5 6 7 |  7.5
Unarmed Combat | 4 5 6 7 |  7.5
Armour         | 1 2 3 |  3.2
Stealth        | |  2.9

Action                   |  1- 3 |  4- 6 |  7- 9 || total
-------------------------+-------+-------+-------++-------
Melee: Unarmed           |   133 |   147 |    80 ||   360
       Punch             |     5 |     7 |     2 ||    14
  Use: Scroll            |       |     3 |       ||     3
       Potion            |       |     4 |     2 ||     6
 Stab: Sleeping          |     4 |     1 |       ||     5
Armor: Robe              |    20 |    11 |       ||    31
       Chain mail        |       |    68 |    52 ||   120
Dodge: Dodged            |    65 |    70 |    29 ||   164

Table legend: (Time is in decaauts)
 A = Elapsed time spent in this place.
 B = Non-inter-level travel time spent in this place.
 C = Inter-level travel time spent in this place.
 D = Time resting spent in this place.
 E = Time spent auto-exploring this place.
 F = Levels seen in this place.
 G = Mean time per level.
                   A        B        C        D        E       F      G
               +--------+--------+--------+--------+--------+-----+--------+
         Total |   4988 |   4853 |    135 |    752 |   2951 |   5 |  997.6 |
       Dungeon |   4988 |   4853 |    135 |    752 |   2951 |   5 |  997.6 |
               +--------+--------+--------+--------+--------+-----+--------+

Top non-repeatable levels by time:
     D:3: 1421 daAuts
     D:5: 1273 daAuts
     D:1: 1184 daAuts
     D:2: 674 daAuts
     D:4: 433 daAuts
